 Dungeon Crawl Stone Soup version 0.20-a0-645-g0ac6e19 (webtiles) character file.

41 GlassEater the Skirmisher (level 3, 0/34 HPs)
             Began as a Naga Berserker on Feb 14, 2017.
             Was a Follower of Trog.
             Slain by a worm (10 damage)
             ... on level 2 of the Dungeon.
             The game lasted 00:02:20 (1080 turns).

GlassEater the Skirmisher (Naga Berserker)          Turns: 1080, Time: 00:02:20

Health: 0/34       AC:  2    Str: 19    XL:     3   Next: 52%
Magic:  3/3        EV: 10    Int:  7    God:    Trog [*.....]
Gold:   21         SH:  0    Dex: 11    Spells: 2/2 levels left

rFire    . . .     SeeInvis +   a - +0 short sword
rCold    . . .     Gourm    .   b - +0 animal skin
rNeg     . . .     Faith    .   (no shield)
rPois    +         Spirit   .   (no helmet)
rElec    .         Reflect  .   (no cloak)
rCorr    .         Harm     .   (no gloves)
MR       .....                  (no barding)
Stlth    ++........             (no amulet)
Regen    0.2/turn               (no ring)
MPRegen  0.1/turn               (no ring)

@: very slow
A: see invisible, deformed body, poison resistance, slowness 2, slow metabolism
1, spit poison 1, AC +1
a: Spit Poison, Berserk, Burn Spellbooks, Renounce Religion


You were on level 2 of the Dungeon.
You worshipped Trog.
Trog was aware of your devotion.
You were not hungry.

You visited 1 branch of the dungeon, and saw 2 of its levels.

You collected 21 gold pieces.

Inventory:

Hand Weapons
 a - a +0 short sword (weapon)
Missiles
 f - 44 stones (quivered)
Armour
 b - a +0 animal skin (worn)
Jewellery
 j - a +2 amulet of reflection {unknown}
Scrolls
 e - a scroll of blinking {unknown}
 i - a scroll of enchant armour {unknown}
 k - a scroll of teleportation {unknown}
 m - a scroll of identify {unknown}
Potions
 d - 3 potions of lignification {unknown}
 g - a potion of degeneration {unknown}
 l - a potion of haste {unknown}
Comestibles
 c - 2 bread rations
 h - a chunk of flesh
 n - 3 fruits


   Skills:
 + Level 3.5 Fighting
 + Level 3.4 Short Blades
 - Level 1.5 Armour
 + Level 2.0 Dodging
 * Level 1.6 Stealth


You had 2 spell levels left.
You didn't know any spells.

Dungeon Overview and Level Annotations

Branches:
Dungeon (2/15)

Altars:


Innate Abilities, Weirdness & Mutations

You cannot wear boots.
Your serpentine skin is tough. (AC +1)
You have supernaturally acute eyesight. (SInv)
Armour fits poorly on your strangely shaped body.
Your system is resistant to poisons. (rPois)
You cover ground very slowly.
You have a slow metabolism.
You can spit poison.


Message History

You hit the hobgoblin.
You kill the hobgoblin!
Trog accepts your kill.
Your Dodging skill increases to level 2!
The bat barely misses you.
You hit the worm.
The worm is lightly wounded.
The worm bites you!
You barely miss the worm.
The worm is lightly wounded.
You hit the worm.
The worm is lightly wounded.
The worm bites you.
* * * LOW HITPOINT WARNING * * *
You hit the worm.
The worm is moderately wounded.
You hit the worm.
The worm is severely wounded.
The worm bites you!
You die...

#...... .....# ###...
#...... ##.#..###....
#....?.##..#..#...#.#
#...g.............#.##
###.####..........
#...#........##.##
#..........####...
####r.......#######
#.@wb#.............
#...###.........####
#...# #......##.....
#...# #......######.
#...# #......# #..
#####........# ###.#
..#......# #....
..############.... .
.........<


You could see a worm, a bat and a rat.

Vanquished Creatures
  A gnoll (D:1)
  2 dart slugs (D:1)
  5 bats (D:1)
  2 giant cockroaches
  3 goblins (D:1)
  3 hobgoblins
  3 kobolds
  3 frilled lizards (D:1)
  5 rats (D:1)
27 creatures vanquished.

Notes
Turn   | Place    | Note
-------+----------+-------------------------------------------
     0 | D:1      | GlassEater the Naga Berserker began the quest for the Orb.
     0 | D:1      | Reached XP level 1. HP: 21/21 MP: 1/1
   386 | D:1      | Reached XP level 2. HP: 27/28 MP: 2/2
   492 | D:1      | Reached skill level 1 in Stealth
   505 | D:1      | Reached XP level 3. HP: 34/34 MP: 3/3
  1080 | D:2      | Slain by a worm

Vault maps used:
D:1:      scummos_arrival_hexagon
D:2:      first_bread, uniq_sigmund

Skill      XL: |  1  2  3 |
---------------+----------+-----
Stealth        | 1 |  1.6
Dodging        | 2 |  2.0
Fighting       | |  3.5
Short Blades   | |  3.4
Armour         | |  1.5

Action                   || total
-------------------------++-------
Melee: Short sword       ||   102
Invok: Berserk           ||     2
 Stab: Sleeping          ||     1
  Eat: Chunk             ||     2
Armor: Animal skin       ||    25
Dodge: Dodged            ||    65
